 Dungeon Crawl Stone Soup version 0.31-a0-431-g88bdf31460 (webtiles) character file.

Game seed: 8877534220797920790

47 ders the Digger (level 3, -9/19 HPs)
             Began as a Gargoyle Earth Elementalist on July 31, 2023.
             Killed by an exploding ball python (28 damage)
             ... ignited by their inner flame
             ... on level 3 of the Dungeon.
             The game lasted 00:01:57 (1310 turns).

ders the Digger (Gargoyle Earth Elementalist)       Turns: 1310, Time: 00:01:57

Health: -9/19      AC:  5    Str: 11    XL:     3   Next: 70%
Magic:  5/6        EV: 11    Int: 17    God:
Gold:   63         SH:  0    Dex: 10    Spells: 5/6 levels left

rFire   . . .        f - staff of earth
rCold   . . .        (no shield)
rNeg    + . .        a - +0 robe
rPois   ∞            (no helmet)
rElec   +            (no cloak)
rCorr   .            (no gloves)
SInv    .            (no boots)
Will    .....        (no amulet)
Stlth   ++           (no ring)
HPRegen 0.23/turn    (no ring)
MPRegen 0.10/turn

%: no passive effects
@: no status effects
A: sickness immunity, AC +3, negative energy resistance 1, electricity
resistance, torment resistance 1, petrification resistance
a: no special abilities


You were on level 3 of the Dungeon.
You visited 1 branch of the dungeon, and saw 3 of its levels.

You collected 63 gold pieces.

Inventory:

Hand Weapons
 d - a +3 hand axe of electrocution
Armour
 a - a +0 robe (worn)
Magical Staves
 f - a staff of earth (weapon)
Talismans
 l - a maw talisman
Scrolls
 i - a scroll of noise
Potions
 b - a potion of magic
 c - 2 potions of heal wounds {unknown}
 e - a potion of mutation {unknown}
 g - a potion of curing {unknown}
 j - a potion of berserk rage {unknown}
 n - a potion of lignification {unknown}


   Skills:
 - Level 1.5 Dodging
 - Level 2.1 Stealth
 + Level 2.4 Spellcasting
 * Level 2.4 Conjurations
 - Level 0.7 Transmutations
 + Level 4.2 Earth Magic


You had 5 spell levels left.
You knew the following spells:

 Your Spells              Type           Power      Damage    Failure   Level
a - Sandblast             Erth           48%        2d12      3%          1

Your spell library contained the following spells:

 Spells                   Type           Power      Damage    Failure   Level
 Passwall                 Tmut/Erth      12%        N/A       11%         2
 Stone Arrow              Conj/Erth      38%        3d9       14%         3
 Petrify                  Tmut/Erth      15%        N/A       56%         4


Dungeon Overview and Level Annotations

Branches:
Dungeon (3/15)

Altars:
The Shining One


Innate Abilities, Weirdness & Mutations

You are immune to sickness and miasma.
Your stone body is resilient. (AC +3)
You are immune to poison.
You resist negative energy. (rN+)
You are resistant to electric shocks. (rElec)
You are resistant to unholy torment.
You are immune to petrification.


Message History

Things that are here:
a +0 sling; a +0 dagger You see here a +0 flail.
Key pressed, stopping explore.
Done exploring.
Done exploring.
No target in view!
There is a stone staircase leading down here.
You climb downwards.
You hear the sound of rushing water.
There is an entrance to a sewer on this level.
Hurry and find it before the portal rusts away!
Found 9 gold pieces.
Found a stone staircase leading down.
There is a stone staircase leading up here.
As you read the scroll labelled SAQYIJ HAOS, it crumbles to dust.
It is a scroll of identify.
i - a scroll of noise Really read the scroll of noise?
Okay, then.
As you read the scroll labelled XUUREA RUNAKIO, it crumbles to dust.
It is a scroll of enchant weapon.
Your +2 hand axe of electrocution glows red for a moment.
As you read the scroll labelled IFYFYA QASS, it crumbles to dust.
The creatures around you are filled with an inner flame!
It was a scroll of immolation.
The ball python hisses angrily.
Blink to where?
Press: ? - help, Dir - move target
Found a book of Geomancy.
As you read the scroll labelled OHETRE VACUMED, it crumbles to dust.
It was a scroll of blinking.
Casting: Sandblast (safe; 3% risk of failure)
Confirm with . or Enter, or press ? or * to list all spells.
Aiming: Sandblast (safe; 3% risk of failure)
Press: ? - help, Shift-Dir - straight line, f - ball python
Aim: a ball python (inner flame, 81% to hit)
You feel a surge of power!
The blast of sand hits the ball python.
The ball python explodes!
The fiery explosion engulfs you!!
Ouch! That really hurt!
You die...

#......$#
#.§.....#
#...^...# ##
.......#....
####......#.#
#......#.
#........
#....§§##
#...§§@#
######§..:.#
#####.#


There were no monsters in sight!

Vanquished Creatures
  2 adders (D:2)
  3 bats
  4 endoplasms (D:1)
  A giant cockroach (D:2)
  2 goblins
  4 hobgoblins
  2 kobolds
  A quokka (D:2)
  4 ball pythons
  A frilled lizard (D:2)
  5 rats (D:1)
29 creatures vanquished.

Notes
Turn   | Place    | Note
-------+----------+-------------------------------------------
     0 | D:1      | ders the Gargoyle Earth Elementalist began the quest for
                  | the Orb.
     0 | D:1      | Reached XP level 1. HP: 10/10 MP: 3/3
   208 | D:1      | Reached skill level 1 in Conjurations
   263 | D:1      | Reached XP level 2. HP: 15/15 MP: 3/5
   915 | D:2      | Reached skill level 4 in Earth Magic
   966 | D:2      | Found a glowing golden altar of the Shining One.
  1004 | D:2      | Reached XP level 3. HP: 19/19 MP: 3/6
  1310 | D:3      | Killed by an exploding ball python... ignited by their
                  | inner flame

Illustrated notes

Levels and vault maps discovered:
D:1:      roderic_octagonal_star, layout_basic
D:2:      layout_rooms, basic_altar
D:3:      layout_loops_cross, portal_sewer_entry_d, uniq_jessica, uniq_ijyb

Skill      XL: |  1  2  3 |
---------------+----------+-----
Conjurations   | 1 2 |  2.4
Earth Magic    | 4 |  4.2
Dodging        | |  1.5
Stealth        | |  2.1
Spellcasting   | |  2.4
Transmutations | |  0.7

Action                     || total
---------------------------++-------
  Melee: Unarmed           ||     1
         Hand axe          ||     1
         Staff             ||     2
   Cast: Sandblast         ||    34
    Use: Scroll            ||     4
 Armour: Robe              ||     9
  Dodge: Dodged            ||    12

Table legend: (Time is in decaauts)
 A = Elapsed time spent in this place.
 B = Non-inter-level travel time spent in this place.
 C = Inter-level travel time spent in this place.
 D = Time resting spent in this place.
 E = Time spent auto-exploring this place.
 F = Levels seen in this place.
 G = Mean time per level.
                   A        B        C        D        E       F      G
               +--------+--------+--------+--------+--------+-----+--------+
         Total |   1325 |   1285 |     40 |      0 |   1120 |   3 |  441.7 |
       Dungeon |   1325 |   1285 |     40 |      0 |   1120 |   3 |  441.7 |
               +--------+--------+--------+--------+--------+-----+--------+

Top non-repeatable levels by time:
     D:1: 798 daAuts
     D:2: 522 daAuts
     D:3: 4 daAuts
